 Dungeon Crawl Stone Soup version 0.25.1-8-g42b30a86e7 (webtiles) character file.

Game seed: 17855253300400304338

680 Clowwww the Chopper (level 7, -1/91 HPs)
             Began as a Hill Orc Fighter on Dec 6, 2020.
             Slain by a wight
             ... wielding a +5 great sword
              (6 damage)
             ... on level 4 of the Dungeon.
             The game lasted 00:09:25 (3508 turns).

Clowwww the Chopper (Hill Orc Fighter)              Turns: 3508, Time: 00:09:25

Health: -1/91      AC: 23    Str: 27    XL:     7   Next: 60%
Magic:  0/7        EV:  2    Int:  8    God:
Gold:   185        SH: 10    Dex: 10    Spells: 6/6 levels left

rFire    . . .     SeeInvis +   a - +0 war axe
rCold    . . .     Gourm    .   c - +0 kite shield
rNeg     + + +     Faith    .   (armour currently unavailable)
rPois    +         Spirit   +   (helmet currently unavailable)
rElec    .         Reflect  .   (cloak currently unavailable)
rCorr    .         Harm     .   (gloves currently unavailable)
MR       .....     NoTele   +   (boots currently unavailable)
Stlth    +.........             j - amulet of guardian spirit
HPRegen  0.25/turn              d - ring of see invisible
MPRegen  0.10/turn              k - +6 ring of strength

@: lethally poisoned (-1 -> -8), tree-form, lightly drained
A: no striking features
a: no special abilities


You were on level 4 of the Dungeon.
You were hungry.
You were a tree.
You visited 1 branch of the dungeon, and saw 5 of its levels.

You collected 185 gold pieces.

Inventory:

Hand Weapons
 a - a +0 war axe (weapon)
Missiles
 m - 2 boomerangs (quivered)
Armour
 b - a +0 scale mail (melded)
 c - a +0 kite shield (worn)
Jewellery
 d - a ring of see invisible (left branch)
 j - an amulet of guardian spirit (around neck)
 k - a +6 ring of strength (right branch)
Scrolls
 e - a scroll of remove curse
 h - a scroll of identify
 n - a scroll of teleportation
 o - a scroll of fear
Potions
 g - a potion of degeneration
 i - a potion of heal wounds {unknown}
 l - a potion of berserk rage {unknown}
 r - a potion of lignification
 t - a potion of brilliance {unknown}
 v - a potion of curing {unknown}
Comestibles
 f - 7 rations


   Skills:
 + Level 5.0(4.7) Fighting
 + Level 7.8(7.4) Axes
 + Level 0.6(0.3) Throwing
 + Level 4.7(4.3) Armour
 + Level 1.2(0.9) Dodging
 + Level 0.3(0.1) Stealth
 + Level 4.6(4.3) Shields


You had 6 spell levels left.
You didn't know any spells.
Your spell library was empty.

Dungeon Overview and Level Annotations

Branches:
Dungeon (5/15)
 Temple: D:4-7

Altars:
Dithmenos
Yredelemnul
The Shining One

Annotations:
D:3 2 transporters
D:4 Dowan


Message History

Duvessa is severely wounded.
Your shield prevents you from hitting the wight.
You slash the wight!
You destroy the wight!
* * * LOW HITPOINT WARNING * * *
You feel sick.
The wight hits you with a +5 great sword.
* * * LOW HITPOINT WARNING * * *
Duvessa hits you but does no damage.
Dowan shouts!
The adder hisses angrily.
You slash Duvessa!
You kill Duvessa!
Dowan seems overcome with grief, but rights himself reflexively soon after.
Dowan seems to find hidden reserves of power!
Your base Fighting skill increases to level 5!
You closely miss the wight.
* * * LOW HITPOINT WARNING * * *
You feel sick.
The wight hits you with a +5 great sword!
You die...

######
##########....######
#.....)♣)+....'....#
#.#####z##....####.##
*,*
#S#.....####..####
*,*
#e....o.....z.....
*,*
###...#...###.####
*,* #...#...# #.##
*,* #...#...# #.z#
#####+##### #...#...#
##o## #.........#
#...#...# ##.S##


You could see Dowan (fast), a wight and an adder.

Vanquished Creatures
  Duvessa (D:4)
  A phantom (D:3)
  4 wights (D:4)
  A crimson imp (D:4)
  A hound (D:4)
  An orc priest (D:3)
  2 orc wizards
  An iguana (D:4)
  5 adders
  An ooze (D:1)
  3 worms
  5 dart slugs
  5 leopard geckos
  13 orcs
  10 bats
  3 giant cockroaches
  7 goblins
  4 hobgoblins
  2 jackals (D:1)
  A quokka (D:2)
  3 frilled lizards
  8 kobolds
  5 rats
87 creatures vanquished.

Notes
Turn   | Place    | Note
-------+----------+-------------------------------------------
     0 | D:1      | Clowwww the Hill Orc Fighter began the quest for the Orb.
     0 | D:1      | Reached XP level 1. HP: 19/19 MP: 1/1
   124 | D:1      | Reached XP level 2. HP: 18/27 MP: 2/2
   474 | D:1      | Reached skill level 3 in Axes
   505 | D:1      | Reached XP level 3. HP: 33/33 MP: 3/3
  1357 | D:2      | Reached XP level 4. HP: 35/40 MP: 4/4
  1691 | D:2      | Reached skill level 4 in Axes
  1966 | D:2      | Found a faded altar of an unknown god.
  2135 | D:3      | Reached XP level 5. HP: 18/46 MP: 5/5
  2342 | D:3      | Found a shadowy altar of Dithmenos.
  2360 | D:3      | Reached skill level 5 in Axes
  2510 | D:3      | Noticed a phantom
  2535 | D:3      | Killed a phantom
  2535 | D:3      | Reached XP level 6. HP: 43/53 MP: 6/6
  2607 | D:3      | Found a transporter.
  2674 | D:3      | Found a basalt altar of Yredelemnul.
  2713 | D:3      | Found a transporter.
  2974 | D:3      | Found a glowing golden altar of the Shining One.
  3044 | D:4      | Reached skill level 6 in Axes
  3089 | D:4      | Reached skill level 1 in Dodging
  3218 | D:4      | Reached XP level 7. HP: 57/60 MP: 5/7
  3232 | D:4      | Reached skill level 7 in Axes
  3232 | D:4      | Noticed Duvessa
  3245 | D:4      | Noticed Dowan
  3262 | D:5      | Entered Level 5 of the Dungeon
  3508 | D:4      | Killed Duvessa
  3508 | D:4      | Reached skill level 5 in Fighting
  3508 | D:4      | Slain by a wight

Illustrated notes

Levels and vault maps discovered:
D:1:      dpeg_cavernosity, layout_basic, serial_rivers,
          chequers_serial_rivers_large_a, chequers_serial_rivers_micro_e,
          chequers_serial_rivers_large_b, chequers_serial_rivers_micro_e,
          chequers_serial_rivers_small_3
D:2:      layout_basic, chequers_ecumenical_altar_grove, st_stairs_12
D:3:      gammafunk_steamed_eel, layout_rooms, nicolae_overflow_crystal_walls,
          nicolae_tso_swordbearing_angel, lemuel_coloured_pillars_altar,
          first_ration
D:4:      layout_basic, serial_shops, shop, uniq_duvessa
D:5:      layout_cave_pods, grunt_decor_arrowhead,
          chequers_hall_statues_corner_a, uniq_menkaure, uniq_grinder,
          uniq_sigmund

Skill      XL: |  1  2  3  4  5  6  7 |
---------------+----------------------+-----
Axes           | 3 4 5 6 7 |  7.8
Fighting       | 4 5 |  5.0
Armour         | 4 |  4.7
Shields        | 4 |  4.6
Dodging        | 1 |  1.2
Throwing       | |  0.6
Stealth        | |  0.3

Action                   |  1- 3 |  4- 6 |  7- 9 || total
-------------------------+-------+-------+-------++-------
Melee: War axe           |   124 |   141 |    17 ||   282
Throw: Boomerang         |       |     6 |       ||     6
  Use: Potion            |       |     1 |     1 ||     2
       Scroll            |       |     8 |       ||     8
  Eat: Chunk             |     2 |     6 |       ||     8
Armor: Scale mail        |    78 |    68 |     7 ||   153
       Skin              |       |       |     3 ||     3
Dodge: Dodged            |    48 |    34 |     9 ||    91
Block: Kite shield       |    65 |    80 |    11 ||   156
